 Dungeon Crawl Stone Soup version 0.29.0-4-gdea44cf6ec (webtiles) character file.

Game seed: 12465852004005248487

77 qw the Chopper (level 4, -8/26 HPs)
             Began as a Tengu Warper on Aug 28, 2022.
             Mangled by a gnoll
             ... wielding a +0 halberd
              (11 damage)
             ... on level 2 of the Dungeon.
             The game lasted 00:00:11 (2131 turns).

qw the Chopper (Tengu Warper)                       Turns: 2131, Time: 00:00:11

Health: -8/26      AC:  3    Str: 14    XL:     4   Next: 33%
Magic:  8/8        EV: 12    Int: 13    God:
Gold:   162        SH:  0    Dex: 13    Spells: 7/7 levels left

rFire   . . .      SeeInvis .   Y - +1 hand axe
rCold   . . .      Faith    .   (no shield)
rNeg    . . .      Spirit   .   b - +0 leather armour
rPois   .          Reflect  .   (helmet restricted)
rElec   .          Harm     .   (no cloak)
rCorr   .          Rampage  .   (no gloves)
Will    +....                   (boots unavailable)
Stlth   +.........              (no amulet)
HPRegen 0.08/turn               f - ring of willpower
MPRegen 0.11/turn               (no ring)

@: no status effects
A: beak, talons 3
a: no special abilities


You were on level 2 of the Dungeon.
You visited 1 branch of the dungeon, and saw 2 of its levels.

You collected 162 gold pieces.


Innate Abilities, Weirdness & Mutations

You have a beak for a mouth.
You have claws for feet.


   Skills:
 - Level 2.0 Fighting
 + Level 4.9 Axes
 - Level 1.0 Throwing
 - Level 1.1 Armour
 - Level 2.1 Dodging
 - Level 2.0 Spellcasting
 - Level 2.4 Translocations


You had 7 spell levels left.
You didn't know any spells.
Your spell library contained the following spells:

 Spells                   Type           Power      Damage    Failure   Level
 Blink                    Tloc           14%        N/A       19%         2
 Gell's Gravitas          Tloc           7%         N/A       34%         3
 Lesser Beckoning         Tloc           7%         N/A       34%         3
 Teleport Other           Tloc           7%         N/A       34%         3
 Manifold Assault         Tloc           7%         N/A       97%         5

Inventory:

Hand Weapons
 k - a +0 whip
 Y - a +1 hand axe (weapon)
Missiles
 n - 5 boomerangs of dispersal (quivered)
Armour
 b - a +0 leather armour (worn)
 i - a +0 plate armour
Jewellery
 f - a ring of willpower (left hand)
Scrolls
 c - a scroll of noise {unknown}
 g - 3 scrolls of teleportation {unknown}
 l - a scroll of enchant armour {unknown}
 m - a scroll of fog {unknown}
Potions
 a - a potion of curing {unknown}
 d - a potion of experience {unknown}
 e - a potion of attraction {unknown}
 h - a potion of brilliance {unknown}
 j - a potion of lignification {unknown}
 o - a potion of heal wounds {unknown}

Dungeon Overview and Level Annotations

Branches:
Dungeon (2/15)

Altars:
Zin


Message History

o - a blue potion
Enter note: A gnoll comes into view. It is wielding a +0 halberd.
The gnoll shouts!
2119 ||| Stepping ~*~*~tactically~*~*~ (hiding).
You start waiting.
A gnoll is nearby!
You hit the gnoll but do no damage. You claw the gnoll!
Your peck misses the gnoll.
The gnoll is heavily wounded.
The gnoll misses you.
You hit the gnoll. You claw the gnoll.
The gnoll is almost dead.
You hear a shout!
A gnoll comes into view. It is wielding a +0 club.
You closely miss the gnoll. The gnoll barely misses you.
The gnoll hits you from afar with a +0 halberd!
You hit the gnoll.
The gnoll is heavily wounded.
The gnoll barely misses you. The gnoll closely misses you.
You slash the gnoll!
You kill the gnoll!
The gnoll completely misses you.
A gnoll comes into view. It is wielding a +0 flail.
You hit the gnoll. You peck the gnoll.
The gnoll is moderately wounded.
The gnoll hits you from afar with a +0 halberd!
The gnoll barely misses you.
You barely miss the gnoll. Your kick misses the gnoll. You peck the gnoll.
The gnoll is heavily wounded.
The gnoll hits you from afar with a +0 halberd.
The gnoll barely misses you.
You hit the gnoll but do no damage.
The gnoll is heavily wounded.
The gnoll closely misses you. The gnoll barely misses you.
You hit the gnoll. You claw the gnoll.
You kill the gnoll!
The gnoll hits you from afar with a +0 halberd!
You die...

#. #.
#.#.
#.#g#####
#.#.#...#
#.#.#.#.#
#.#.#@#.#
#.#g).#.#
#.#####.#
#.......#
#.#####.#
#.# #.#
#.# #.#
#.# #.#
#.# ..#


You could see a gnoll.

Vanquished Creatures
  3 gnolls (D:2)
  An adder (D:2)
  A dart slug (D:1)
  4 endoplasms (D:1)
  4 giant cockroaches
  A goblin (D:1)
  7 hobgoblins
  4 jackals (D:1)
  A quokka (D:1)
  3 ball pythons
  4 bats (D:1)
  A frilled lizard (D:1)
  7 kobolds
  7 rats (D:1)
48 creatures vanquished.

Notes
Turn   | Place    | Note
-------+----------+-------------------------------------------
     0 | D:1      | qw the Tengu Warper began the quest for the Orb.
     0 | D:1      | Reached XP level 1. HP: 12/12 MP: 4/4
     0 | D:1      | 0 ||| qw: Version: 0.1-a-89-g26bdef1
     0 | D:1      | 0 ||| qw: Game counter: 934
     0 | D:1      | 0 ||| qw: Always use a shield: true
     0 | D:1      | 0 ||| qw: God list: Okawaru
     0 | D:1      | 0 ||| qw: Allow faded altars: false
     0 | D:1      | 0 ||| qw: Do Orc after D:15 true
     0 | D:1      | 0 ||| qw: Do second Lair branch before Depths: true
     0 | D:1      | 0 ||| qw: Lair rune preference: random
     0 | D:1      | 0 ||| qw: Plans: Normal
     0 | D:1      | 0 ||| PLANNING D:1-11
   289 | D:1      | Reached XP level 2. HP: 17/17 MP: 6/6
   289 | D:1      | 289 ||| Stepping ~*~*~tactically~*~*~ (stealth).
   294 | D:1      | Reached skill level 3 in Axes
   314 | D:1      | 314 ||| Stepping ~*~*~tactically~*~*~ (hiding).
   416 | D:1      | 416 ||| Stepping ~*~*~tactically~*~*~ (hiding).
   418 | D:1      | 418 ||| Stepping ~*~*~tactically~*~*~ (hiding).
   786 | D:1      | Reached XP level 3. HP: 21/21 MP: 7/7
  1094 | D:1      | Found a faded altar of an unknown god.
  1095 | D:1      | 1095 ||| Stepping ~*~*~tactically~*~*~ (stealth).
  1099 | D:1      | Reached skill level 4 in Axes
  1100 | D:1      | 1100 ||| Stepping ~*~*~tactically~*~*~ (stealth).
  1212 | D:1      | 1212 ||| UPGRADING to ring of willpower.
  1213 | D:1      | 1213 ||| READING scroll labelled DOYZIRGHE ONER.
  1214 | D:1      | 1214 ||| READING scroll labelled DIYQUU ABRET.
  1215 | D:1      | 1215 ||| READING scroll labelled ZOANEW TAELU.
  1216 | D:1      | 1216 ||| READING scroll labelled IGOMUL JEGG.
  1217 | D:1      | 1217 ||| DROPPING scroll of blinking.
  1218 | D:1      | 1218 ||| Stepping randomly (stuck).
  1219 | D:1      | 1219 ||| Stepping ~*~*~tactically~*~*~ (cloud).
  1222 | D:1      | HP: 4/21 [poisoned by you (poison gas)]
  1226 | D:1      | HP: 1/21 [poisoned by you (poison gas)]
  1773 | D:2      | 1773 ||| Stepping ~*~*~tactically~*~*~ (stealth).
  1786 | D:2      | Reached XP level 4. HP: 26/26 MP: 8/8
  1867 | D:2      | 1867 ||| FLEEEEING.
  1868 | D:2      | 1868 ||| FLEEEEING.
  1869 | D:2      | 1869 ||| FLEEEEING.
  1870 | D:2      | 1870 ||| FLEEEEING.
  1871 | D:2      | 1871 ||| FLEEEEING.
  1872 | D:2      | 1872 ||| FLEEEEING.
  1873 | D:2      | 1873 ||| FLEEEEING.
  1874 | D:2      | 1874 ||| FLEEEEING.
  1875 | D:2      | 1875 ||| FLEEEEING.
  1876 | D:2      | 1876 ||| FLEEEEING.
  1877 | D:2      | 1877 ||| FLEEEEING.
  1878 | D:2      | 1878 ||| FLEEEEING.
  2046 | D:2      | Found a glowing silver altar of Zin.
  2119 | D:2      | 2119 ||| Stepping ~*~*~tactically~*~*~ (hiding).
  2128 | D:2      | HP: 6/26 [gnoll/+0 halberd (9)]
  2131 | D:2      | Mangled by a gnoll

Levels and vault maps discovered:
D:1:      minmay_arrival_semitransparent, layout_loops_ring,
          shapermc_ecumenical_altar_starsandcircs, serial_park_tiny_2,
          moated_statue
D:2:      layout_rooms, basic_altar, roderic_lattice_a,
          minmay_fractal_squares_gapless_5

Skill      XL: |  1  2  3 |
---------------+----------+-----
Axes           | 3 4 |  4.9
Fighting       | |  2.0
Throwing       | |  1.0
Armour         | |  1.1
Dodging        | |  2.1
Spellcasting   | |  2.0
Translocations | |  2.4

Action                   |  1- 3 |  4- 6 || total
-------------------------+-------+-------++-------
Melee: Hand axe          |    87 |    14 ||   101
       Kick              |    19 |     4 ||    23
       Peck              |    12 |     3 ||    15
Throw: Boomerang         |     7 |       ||     7
  Use: Scroll            |     4 |       ||     4
Armor: Leather armour    |    16 |     1 ||    17
Dodge: Dodged            |    38 |    12 ||    50

Table legend:
 A = Non-vault XP
 B = Vault XP
 C = Vault XP percentage of total XP
 D = Non-vault monster count
 E = Vault monster count
 F = Vault count percentage of total count
                 A         B        C        D         E       F
            +---------+---------+-------+---------+---------+-------
      Total |     120 |       4 |   3.2 |      44 |       4 |   8.3
            +---------+---------+-------+---------+---------+-------
        D:1 |      55 |       0 |   0.0 |      34 |       0 |   0.0
        D:2 |      65 |       4 |   5.8 |      10 |       4 |  28.6
            +---------+---------+-------+---------+---------+-------
